 Dungeon Crawl Stone Soup version 0.27-a0-1200-g94dc6ad4cf (webtiles) character file.

Game seed: 10603167839166418465

82 deadmanwalking the Conjurer (level 4, 0/30 HPs)
             Began as a Human Conjurer on June 1, 2021.
             Slain by Ijyb
             ... wielding a +0 club
              (4 damage)
             ... on level 3 of the Dungeon.
             The game lasted 00:04:47 (2150 turns).

deadmanwalking the Conjurer (Human Conjurer)        Turns: 2150, Time: 00:04:48

Health: 0/30       AC:  2    Str:  7    XL:     4   Next: 70%
Magic:  8/8        EV: 12    Int: 19    God:
Gold:   55         SH:  0    Dex: 12    Spells: 3/9 levels left

rFire    . . .     SeeInvis .   a - +3 dagger (venom)
rCold    . . .     Faith    +   (no shield)
rNeg     . . .     Spirit   .   b - +0 robe
rPois    .         Reflect  .   (no helmet)
rElec    .         Harm     .   (no cloak)
rCorr    .         Rampage  .   (no gloves)
Will     .....                  (no boots)
Stlth    ++........             h - amulet of faith
HPRegen  0.10/turn              (no ring)
MPRegen  0.11/turn              (no ring)

@: no status effects
A: no striking features
a: no special abilities


You were on level 3 of the Dungeon.
You visited 1 branch of the dungeon, and saw 4 of its levels.

You collected 55 gold pieces.

Inventory:

Hand Weapons
 a - a +3 dagger of venom (weapon)
Missiles
 c - 16 stones
 f - 22 bolts
 g - 48 poisoned darts
Armour
 b - a +0 robe (worn)
Jewellery
 h - an amulet of faith (around neck)
Potions
 d - a potion of magic
 e - a potion of cancellation {unknown}
 i - a potion of invisibility {unknown}
 j - a potion of mutation {unknown}
 k - a potion of degeneration {unknown}


   Skills:
 - Level 2.0 Dodging
 - Level 2.0 Stealth
 + Level 3.1 Spellcasting
 + Level 4.7 Conjurations
 + Level 1.4 Hexes


You had 3 spell levels left.
You knew the following spells:

 Your Spells              Type           Power      Damage    Failure   Level
a - Magic Dart            Conj           84%        1d7       2%          1
b - Searing Ray           Conj           42%        3d4       3%          2
c - Dazzling Flash        Conj/Hex       28%        N/A       13%         3

Your spell library contained the following spells:

 Spells                   Type           Power      Damage    Failure   Level
 Fulminant Prism          Conj/Hex       7%         3d7       38%         4
 Iskenderun's Mystic Bla  Conj/Tloc      12%        2d5       50%         4


Dungeon Overview and Level Annotations

Branches:
Dungeon (4/15)
 Temple: D:4-7

Altars:
Dithmenos
Fedhas
Qazlal

Annotations:
D:3 Ijyb


Message History

Ijyb is heavily wounded.
Ijyb hits you with a +0 club.
Your magical contamination has completely faded away.
You hit Ijyb but do no damage.
Ijyb is poisoned.
Ijyb is heavily wounded.
Ijyb misses you.
You hit Ijyb but do no damage.
Ijyb is heavily wounded.
Ijyb closely misses you.
You closely miss Ijyb.
Ijyb is heavily wounded.
Ijyb closely misses you.
You barely miss Ijyb.
Ijyb is heavily wounded.
Ijyb hits you with a +0 club.
You closely miss Ijyb.
Ijyb is heavily wounded.
Ijyb barely misses you.
You closely miss Ijyb.
Ijyb is severely wounded.
Ijyb hits you with a +0 club.
You barely miss Ijyb.
Ijyb is severely wounded.
Ijyb looks more healthy.
Ijyb hits you with a +0 club.
* * * LOW HITPOINT WARNING * * *
Casting: Magic Dart (safe; 2% risk of failure)
Confirm with . or Enter, or press ? or * to list all spells.
Aiming: Magic Dart (safe; 2% risk of failure)
Press: ? - help, Shift-Dir - straight line, f/p - Ijyb
Aim: Ijyb, wielding a +0 club, wearing a +0 chain mail and carrying a wand of digging (4) (severely wounded, 100% to hit)
The magic dart hits Ijyb but does no damage.
Ijyb is severely wounded.
Ijyb barely misses you.
You closely miss Ijyb.
Ijyb is severely wounded.
Ijyb hits you with a +0 club.
* * * LOW HITPOINT WARNING * * *
It was a potion of magic.
Magic courses through your body. Ijyb hits you with a +0 club.
You die...

#.#..............##
#.###....##...##..#
#.#
####.#...####.##
#.# #.#.### #..#
#.# #.#. ##.# ..#
#... #.# .. ###.
#.# ...>######.#
.....(g@...#
.......#####
⌠....#. .8). ## ...
.. .


You could see Ijyb.

Vanquished Creatures
  A jelly (D:3)
  An adder (D:4)
  2 dart slugs
  4 ball pythons
  5 bats
  3 endoplasms
  3 giant cockroaches
  5 goblins
  5 hobgoblins
  A quokka (D:4)
  A frilled lizard (D:1)
  2 kobolds (D:1)
  3 rats
36 creatures vanquished.

Vanquished Creatures (others)
  2 plants (D:1)
2 creatures vanquished.

Grand Total: 38 creatures vanquished

Notes
Turn   | Place    | Note
-------+----------+-------------------------------------------
     0 | D:1      | deadmanwalking the Human Conjurer began the quest for the
                  | Orb.
     0 | D:1      | Reached XP level 1. HP: 13/13 MP: 3/3
   115 | D:1      | Reached XP level 2. HP: 19/19 MP: 0/5
   118 | D:1      | Learned a level 2 spell: Searing Ray
   772 | D:1      | Reached XP level 3. HP: 24/24 MP: 1/6
   828 | D:1      | Learned a level 3 spell: Dazzling Flash
   919 | D:1      | Found a faded altar of an unknown god.
  1528 | D:2      | You fall into a shaft and drop 2 floors!
  1528 | D:4      | Found a shadowy altar of Dithmenos.
  1528 | D:4      | Found a blossoming altar of Fedhas.
  1528 | D:4      | Found a stormy altar of Qazlal.
  1860 | D:4      | Noticed a phantom
  1921 | D:3      | Reached XP level 4. HP: 30/30 MP: 5/8
  1956 | D:3      | Reached skill level 1 in Hexes
  2132 | D:3      | Noticed Ijyb
  2150 | D:3      | Slain by Ijyb

Illustrated notes

Levels and vault maps discovered:
D:1:      roderic_dead_forest, layout_loops_corners,
          ebering_ecumenical_altar_mist, serial_forest, infiniplex_forest_pool,
          infiniplex_forest_clump_diagonal, infiniplex_forest_clump_diagonal,
          infiniplex_forest_lined_2, infiniplex_forest_clump_cross,
          infiniplex_forest_corner_1
D:2:      layout_rooms
D:3:      layout_rooms, supply_closet_lemuel, hangedman_feature_mirror,
          minmay_misc_feat_diagonals, minivault_24, uniq_ijyb
D:4:      layout_layer_cave, chequers_temple_overflow_statue_of_worship,
          minmay_misc_feat_tiny, kennysheep_opposing_triangles

Skill      XL: |  1  2  3  4 |
---------------+-------------+-----
Spellcasting   | 3 |  3.1
Hexes          | 1 |  1.4
Dodging        | |  2.0
Stealth        | |  2.0
Conjurations   | |  4.7

Action                   |  1- 3 |  4- 6 || total
-------------------------+-------+-------++-------
Melee: Dagger            |     7 |     8 ||    15
 Cast: Magic Dart        |    64 |    12 ||    76
       Searing Ray       |       |     2 ||     2
  Use: Potion            |       |     1 ||     1
Armor: Robe              |     1 |       ||     1
Dodge: Dodged            |     5 |     5 ||    10

Table legend: (Time is in decaauts)
 A = Elapsed time spent in this place.
 B = Non-inter-level travel time spent in this place.
 C = Inter-level travel time spent in this place.
 D = Time resting spent in this place.
 E = Time spent auto-exploring this place.
 F = Levels seen in this place.
 G = Mean time per level.
                   A        B        C        D        E       F      G
               +--------+--------+--------+--------+--------+-----+--------+
         Total |   2150 |   2094 |     56 |      0 |   1884 |   4 |  537.5 |
       Dungeon |   2150 |   2094 |     56 |      0 |   1884 |   4 |  537.5 |
               +--------+--------+--------+--------+--------+-----+--------+

Top non-repeatable levels by time:
     D:1: 1410 daAuts
     D:4: 343 daAuts
     D:3: 277 daAuts
     D:2: 118 daAuts
